 Dungeon Crawl Stone Soup version 0.30.0-5-g1a98f26d00 (webtiles) character file.

Game seed: 6929240887457859814

61 dialectric the Sneak (level 3, -8/29 HPs)
             Began as a Mummy Delver on May 8, 2023.
             Mangled by an iguana (11 damage)
             ... on level 6 of the Dungeon.
             The game lasted 00:02:32 (276 turns).

dialectric the Sneak (Mummy Delver)                  Turns: 276, Time: 00:02:33

Health: -8/29      AC:  3    Str: 15    XL:     3   Next: 83%
Magic:  3/3        EV: 11    Int:  9    God:
Gold:   159        SH:  0    Dex: 15    Spells: 2/2 levels left

rFire   x . .        a - +0 short sword
rCold   + . .        (no shield)
rNeg    + + +        b - +0 leather armour
rPois   ∞            (no helmet)
rElec   .            (no cloak)
rCorr   .            (no gloves)
SInv    .            (no boots)
Will    .....        (no amulet)
Stlth   +            (no ring)
HPRegen 0.24/turn    (no ring)
MPRegen 0.08/turn

%: faith
@: confused
A: cold resistance 1, negative energy resistance 3, torment resistance 2, heat
vulnerability 1, in touch with death 1, no potions, faith
a: no special abilities


You were on level 6 of the Dungeon.
You visited 1 branch of the dungeon, and saw 3 of its levels.

You collected 159 gold pieces.

Inventory:

Hand Weapons
 a - a +0 short sword (weapon)
Missiles
 g - 5 poisoned darts (quivered)
Armour
 b - a +0 leather armour (worn)
Wands
 f - a wand of digging (3)
 h - a wand of light (9)
 k - a wand of mindburst (10)
Scrolls
 d - a scroll of magic mapping
 e - 3 scrolls of fear
 i - a scroll of identify {unknown}
 j - a scroll of enchant armour {unknown}


   Skills:
 + Level 3.2 Fighting
 + Level 1.6 Short Blades
 + Level 0.1 Throwing
 + Level 1.6 Dodging
 * Level 5.2 Stealth


You had 2 spell levels left.
You didn't know any spells.
Your spell library was empty.

Dungeon Overview and Level Annotations

Branches:
Dungeon (7/15)
 Temple: D:4-7

Altars:

Annotations:
D:6 Maggie


Innate Abilities, Weirdness & Mutations

You are immune to poison.
Your flesh is cold resistant. (rC+)
You are immune to negative energy. (rN+++)
You are immune to unholy pain and torment.
You are vulnerable to heat. (rF-)
You are in touch with the powers of death.
You do not drink.
You have a special connection with the divine. (Faith)


Message History

A mysterious force pulls you upwards. The hatch slams shut behind you.
Level annotation: Maggie
Found a scroll labelled TUWKENA ITIPAJA.
Unknown command.
Found a scroll labelled UNTUOFRIUSH.
An iguana comes into view.
j - a scroll labelled UNTUOFRIUSH The iguana hisses angrily.
Found a sharpened lead wand.
An iguana and an orc wizard come into view.
Found a falchion.
An orc warrior comes into view. It is wielding a +0 glaive.
The orc warrior shouts!
You see here a wand of mindburst (10).
k - a wand of mindburst (10)
The orc wizard gestures wildly while chanting.
The orc wizard flickers and vanishes!
Deactivating autopickup; reactivate with Ctrl-A.
Okay, then.
Unknown command.
As you read the scroll of fog, it crumbles to dust.
The scroll dissolves into smoke.
You are confused.
You are too confused!
Unknown command.
You can't drink.
Unknown command.
You're too confused to move!
You are too confused!
Unknown command.
The iguana hisses angrily.
The orc warrior misses you.
The orc warrior hits you from afar with a +0 glaive!!
Ouch! That really hurt!
The iguana bites you!
* * * LOW HITPOINT WARNING * * *
The iguana attacks as you move away!
The iguana bites you but does no damage.
The iguana bites you!
You die...

######## #.#l#
####### #.#.#
#.....# #.#.#
#§###.#######.#.#
#§###..l.l......#
##§§##########.###
##§§§§....# #....
#§l{o§###.# #####
#§@l§## #§§8§#
#...)# ..#### #.#
#. .. #..


You could see an orc warrior and 2 iguanas.

Vanquished Creatures
  A bullfrog (D:6)
1 creature vanquished.

Notes
Turn   | Place    | Note
-------+----------+-------------------------------------------
     0 | D:5      | dialectric the Mummy Delver began the quest for the Orb.
     0 | D:5      | Reached XP level 1. HP: 18/18 MP: 1/1
    96 | D:6      | Noticed a bullfrog
   109 | D:6      | Killed a bullfrog
   110 | D:6      | Reached skill level 5 in Stealth
   110 | D:6      | Reached XP level 2. HP: 24/24 MP: 2/2
   110 | D:6      | Gained mutation: You are in touch with the powers of death.
                  | [Mummy growth]
   110 | D:6      | Reached XP level 3. HP: 29/29 MP: 3/3
   136 | D:6      | Noticed a sky beast
   144 | D:6      | Noticed Maggie
   270 | D:6      | Noticed an orc warrior
   276 | D:6      | Mangled by an iguana

Illustrated notes

Levels and vault maps discovered:
D:5:      layout_basic, mainiacjoe_overflow_alcove_1, minivault_24,
          kennysheep_generic_room_14, uniq_pikel, uniq_ijyb, uniq_duvessa
D:6:      layout_basic, kennysheep_slug_shrine,
          beargit_hepliaklqana_dungeon_heroes, minmay_bent, uniq_maggie
D:7:      layout_basic, yredelemnul_forgotten_temple_becter, fedhas_altar_3,
          grunt_qazlal_clouds, chequers_garden, grunt_livestock,
          minmay_gold_behind_fungi, minmay_nine_imps, uniq_prince_ribbit1,
          uniq_menkaure, uniq_crazy_yiuf_cottage

Skill      XL: |  1 |
---------------+----+-----
Stealth        | 5 |  5.2
Fighting       | |  3.2
Short Blades   | |  1.6
Throwing       | |  0.1
Dodging        | |  1.6

Action                     || total
---------------------------++-------
  Melee: Short sword       ||     8
  Throw: Dart              ||     5
    Use: Scroll            ||     2
 Armour: Leather armour    ||     2
  Dodge: Dodged            ||     5
